 Dungeon Crawl Stone Soup version 0.23-a0-726-g9fa1570 (webtiles) character file.

85 rgaf the Firebug (level 4, -2/30 HPs)
             Began as a Demonspawn Fire Elementalist on Jan 17, 2019.
             Killed by divine providence
             ... invoked by an orc priest
              (12 damage)
             ... on level 3 of the Dungeon.
             The game lasted 00:04:38 (3259 turns).

rgaf the Firebug (Demonspawn Fire Elementalist)     Turns: 3259, Time: 00:04:39

Health: -2/30      AC:  2    Str:  8    XL:     4   Next: 25%
Magic:  0/7        EV: 12    Int: 17    God:
Gold:   78         SH:  0    Dex: 14    Spells: 4/8 levels left

rFire    . . .     SeeInvis .   (no weapon)
rCold    . . .     Gourm    .   (no shield)
rNeg     . . .     Faith    .   a - +0 robe
rPois    .         Spirit   .   (no helmet)
rElec    .         Reflect  .   (no cloak)
rCorr    .         Harm     .   (no gloves)
MR       .....                  (no boots)
Stlth    +++.......             (no amulet)
HPRegen  0.10/turn              (no ring)
MPRegen  0.10/turn              (no ring)

@: very slightly contaminated
A: nightstalker 1
a: no special abilities


You were on level 3 of the Dungeon.
You were not hungry.

You visited 1 branch of the dungeon, and saw 3 of its levels.

You collected 78 gold pieces.

Inventory:

Armour
 a - a +0 robe (worn)
Scrolls
 b - 2 scrolls of magic mapping
Potions
 i - a potion of cancellation {unknown}
 k - a potion of heal wounds {unknown}
 p - a potion of berserk rage {unknown}
Comestibles
 c - 7 rations
 d - 3 chunks of flesh


   Skills:
 - Level 1.7 Dodging
 - Level 1.7 Stealth
 + Level 2.5 Spellcasting
 * Level 2.6 Conjurations
 * Level 3.6 Fire Magic


You had 4 spell levels left.
You knew the following spells:

 Your Spells              Type           Power        Failure   Level  Hunger
a - Flame Tongue          Conj/Fire      ##...        4%          1    #......
b - Conjure Flame         Conj/Fire      ##......     16%         3    ###....

Your spell library contained the following spells:

 Spells                   Type           Power        Failure   Level  Hunger
 Throw Flame              Conj/Fire      ##....       8%          2    ##.....
 Inner Flame              Hex/Fire       #.......     26%         3    ###....
 Sticky Flame             Conj/Fire      ##......     45%         4    #####..
 Fireball                 Conj/Fire      ##........   80%         5    ######.


Dungeon Overview and Level Annotations

Branches:
Dungeon (3/15)

Altars:
Trog

Annotations:
D:3 Grinder, Terence


Innate Abilities, Weirdness & Mutations

You are slightly more attuned to the shadows.


Message History

Casting: Flame Tongue (safe; 4% risk of failure)
Confirm with . or Enter, or press ? or * to list all spells.
Aiming: Flame Tongue (safe; 4% risk of failure)
Press: ? - help, Shift-Dir - straight line, f - orc priest
Aim: an orc priest, wielding a +0 falchion and wearing a +0 ring mail (severely wounded)
The flame tongue hits the orc priest.
The orc priest appears unharmed.
The orc priest is severely wounded.
The bat hits you.
* * * LOW HITPOINT WARNING * * *
The bat hits you but does no damage. The bat hits you but does no damage.
The bat hits you.
* * * LOW HITPOINT WARNING * * *
The bat hits you but does no damage. The bat hits you but does no damage.
The bat barely misses you. The bat hits you.
* * * LOW HITPOINT WARNING * * *
You feel better. The bat barely misses you. The quokka barely misses you.
The orc priest mumbles some strange prayers to Beogh against you.
Beogh smites you!
You die...

,,,***##*,#####......#######
#.
,,,**,,..,#...#.####..o)...#
#< ,,,**,,,.,#..##.#
#######'######
,,,**,,*#.#.....#####
#........
,,,**,.##.#.####.>..#
#........
*****..*#......#....#
#........
#####.,####.##.#....#
#........
).#..,,*..#.#*,#....#
#........
#)#.#,,,..#.#*,#@...#
#........
#.#.#####.#.#*,#br..#
#.?......
..........#.##.#....#
#########
###.#####.#....#o@..# #
....รท...#...>..+..S.# #
####.#..#.######....########**
# #.#.)#.# #.............,* #
####....(.# #.............,* #
.....#...##
#..........[..,***#


You could see Terence, an orc priest, an adder, a quokka and a bat.

Vanquished Creatures
  An adder (D:2)
  2 oozes
  2 worms (D:3)
  4 dart slugs
  2 leopard geckos (D:1)
  9 orcs
  2 giant cockroaches (D:2)
  2 goblins (D:3)
  2 hobgoblins (D:1)
  4 kobolds
  A quokka (D:2)
  2 ball pythons
  3 bats
  A frilled lizard (D:3)
  8 rats
45 creatures vanquished.

Notes
Turn   | Place    | Note
-------+----------+-------------------------------------------
     0 | D:1      | rgaf the Demonspawn Fire Elementalist began the quest for
                  | the Orb.
     0 | D:1      | Reached XP level 1. HP: 13/13 MP: 3/3
   592 | D:1      | Gained mutation: You are slightly more attuned to the
                  | shadows. [demonic ancestry]
   592 | D:1      | Reached XP level 2. HP: 19/19 MP: 0/5
   629 | D:1      | Reached skill level 3 in Fire Magic
  1326 | D:2      | Reached XP level 3. HP: 8/24 MP: 0/6
  1622 | D:2      | Learned a level 3 spell: Conjure Flame
  1758 | D:2      | Found a bloodstained altar of Trog.
  2483 | D:3      | Noticed Terence
  2838 | D:3      | Noticed Grinder
  2901 | D:3      | Reached XP level 4. HP: 27/30 MP: 5/7
  3259 | D:3      | Killed from afar by an orc priest

Vault maps used:
D:1:      minmay_arrival_three_doors
D:2:      first_ration, trog_butcher_becter
D:3:      minmay_ruptured, uniq_grinder, uniq_terence

Skill      XL: |  1  2 |
---------------+-------+-----
Fire Magic     | 3 |  3.6
Conjurations   | 2 |  2.6
Dodging        | |  1.7
Stealth        | |  1.7
Spellcasting   | |  2.5

Action                   |  1- 3 |  4- 6 || total
-------------------------+-------+-------++-------
Melee: Unarmed           |    10 |     2 ||    12
 Cast: Flame Tongue      |    81 |    31 ||   112
       Conjure Flame     |     1 |       ||     1
  Use: Scroll            |     8 |     1 ||     9
       Potion            |     1 |     2 ||     3
  Eat: Chunk             |     7 |     1 ||     8
Armor: Robe              |     5 |     6 ||    11
       Skin              |     2 |       ||     2
Dodge: Dodged            |    20 |    13 ||    33

Table legend:
 A = Non-vault XP
 B = Vault XP
 C = Vault XP percentage of total XP
 D = Non-vault monster count
 E = Vault monster count
 F = Vault count percentage of total count
                 A         B        C        D         E       F
            +---------+---------+-------+---------+---------+-------
      Total |     116 |       6 |   4.9 |      41 |       4 |   8.9
            +---------+---------+-------+---------+---------+-------
        D:1 |      27 |       0 |   0.0 |      12 |       0 |   0.0
        D:2 |      38 |       6 |  13.6 |      11 |       4 |  26.7
        D:3 |      51 |       0 |   0.0 |      18 |       0 |   0.0
            +---------+---------+-------+---------+---------+-------
